 Dungeon Crawl Stone Soup version 0.25-a0-632-g7713895373 (webtiles) character file.

Game seed: 4331837270246495131, levelgen mode: deterministic

919 GenChuck the Destroyer (level 7, 0/51 HPs)
             Began as a Red Draconian Conjurer on Mar 19, 2020.
             Shot with an arrow by a centaur (15 damage)
             ... on level 5 of the Dungeon.
             The game lasted 00:44:47 (6476 turns).

GenChuck the Destroyer (Red Draconian Conjurer)     Turns: 6476, Time: 00:44:47

Health: 0/51       AC:  6    Str: 11    XL:     7   Next: 83%
Magic:  9/14       EV: 12    Int: 17    God:
Gold:   337        SH:  0    Dex: 11    Spells: 12/15 levels left

rFire    + . .     SeeInvis .   k - +2 whip (elec)
rCold    . . .     Gourm    .   (no shield)
rNeg     . . .     Faith    .   (armour unavailable)
rPois    .         Spirit   .   (helmet restricted)
rElec    .         Reflect  .   (no cloak)
rCorr    .         Harm     +   (no gloves)
MR       .....                  (no boots)
Stlth    ++........             c - amulet of harm
HPRegen  0.17/turn              (no ring)
MPRegen  0.14/turn              (no ring)

@: hasted, very quick
A: breathe fire, unfitting armour, fire resistance 1, cold-blooded, AC +6
a: Breathe Fire


You were on level 5 of the Dungeon.
You were not hungry.

You visited 1 branch of the dungeon, and saw 5 of its levels.

You collected 337 gold pieces.

Inventory:

Hand Weapons
 a - a +0 spear
 g - a +2 dagger of draining
 k - a +2 whip of electrocution (weapon)
Jewellery
 c - an amulet of harm (around neck)
Wands
 e - a wand of iceblast (13)
Scrolls
 d - a scroll of amnesia
 i - a scroll of identify
Potions
 b - a potion of degeneration {unknown}
 h - 2 potions of stabbing
 l - 2 potions of haste
 m - 2 potions of cancellation {unknown}
Comestibles
 j - 6 rations


   Skills:
 + Level 0.6 Fighting
 + Level 0.2 Polearms
 + Level 2.2 Dodging
 - Level 1.7 Stealth
 + Level 4.9 Spellcasting
 * Level 8.3 Conjurations


You had 12 spell levels left.
You knew the following spells:

 Your Spells              Type           Power        Failure   Level  Hunger
a - Magic Dart            Conj           ####         1%          1    None
b - Searing Ray           Conj           ####..       1%          2    #......

Your spell library contained the following spells:

 Spells                   Type           Power        Failure   Level  Hunger
 Dazzling Flash           Conj/Hex       ###...       8%          3    ###....
 Fulminant Prism          Conj/Hex       ###.......   26%         4    ####...
 Iskenderun's Mystic Bla  Conj/Tloc      ###.....     26%         4    ####...


Dungeon Overview and Level Annotations

Branches:
Dungeon (5/15)
 Temple: D:4-7

Altars:
Kikubaaqudgha
Uskayaw

Shops:
D:4 *


Innate Abilities, Weirdness & Mutations

You can breathe blasts of fire.
Your fiery red scales are hard. (AC +6)
You cannot fit into any form of body armour.
Your flesh is heat resistant. (rF+)
You are cold-blooded and may be slowed by cold attacks.


Message History

The centaur is severely wounded.
A worm comes into view.
Casting: Magic Dart (safe; 1% risk of failure)
Confirm with . or Enter, or press ? or * to list all spells.
Aiming: Magic Dart (safe; 1% risk of failure)
Press: ? - help, Shift-Dir - straight line, f/p - centaur
Aim: a centaur, wielding a +0 shortbow and quivering 12 arrows (severely wounded)
The magic dart hits the centaur.
The centaur is almost dead.
The centaur shoots an arrow.
The arrow hits you!
The centaur shoots an arrow.
The arrow hits you!
* * * LOW HITPOINT WARNING * * *
Okay, then.
Okay, then.
It was a potion of haste.
You feel yourself speed up.
The centaur shoots an arrow.
The arrow barely misses you.
The centaur shoots an arrow.
The arrow misses you.
You hear a howl!
The centaur shoots an arrow.
The arrow hits you!
You die...

#.##..........#...........
.w................#.......
.................##....##.
...c........##....##......
..........#......###......
.............##...##.....(
#........###...#.......
#...(##...##..........#
##....@...####.....#..#
#.#..(......#........#
####..(.>.##..........
#.#######.....#...# ###
##.......## ###....##
###...## #.....## ###....#


You could see a centaur.

Vanquished Creatures
  An ice beast (D:5)
  Purgy (D:4)
  3 ogres
  3 crimson imps (D:5)
  2 hounds
  A centaur skeleton (D:4)
  2 worker ants
  Ijyb (D:4)
  An iguana (D:5)
  A hound skeleton (D:4)
  A howler monkey zombie (D:3)
  A worker ant zombie (D:5)
  Robin (D:2)
  5 adders
  An ooze (D:1)
  An adder skeleton (D:4)
  3 worms
  A dart slug (D:2)
  9 leopard geckos
  2 orcs
  12 bats
  4 giant cockroaches
  6 hobgoblins
  7 jackals
  5 kobolds
  3 quokkas
  6 frilled lizards
  15 goblins
  10 rats
109 creatures vanquished.

Notes
Turn   | Place    | Note
-------+----------+-------------------------------------------
     0 | D:1      | GenChuck the Draconian Conjurer began the quest for the
                  | Orb.
     0 | D:1      | Reached XP level 1. HP: 14/14 MP: 3/3
     1 | D:1      | Noticed an electric eel
   143 | D:1      | Reached XP level 2. HP: 20/20 MP: 0/5
   903 | D:1      | Reached XP level 3. HP: 26/26 MP: 0/6
  1275 | D:2      | Reached skill level 5 in Conjurations
  1747 | D:2      | Noticed Robin
  2161 | D:2      | Reached XP level 4. HP: 33/33 MP: 3/7
  2842 | D:2      | Killed Robin
  3078 | D:2      | Learned a level 2 spell: Searing Ray
  3694 | D:3      | Reached XP level 5. HP: 39/39 MP: 6/9
  4256 | D:4      | Found a hide-covered altar of Uskayaw.
  4375 | D:4      | Noticed a +0 dagger
  4375 | D:4      | Noticed a +0 dagger
  4422 | D:4      | Noticed an ogre
  4438 | D:3      | Killed an ogre
  4438 | D:3      | Reached skill level 6 in Conjurations
  4518 | D:4      | Reached XP level 6. HP: 46/46 MP: 5/11
  4937 | D:4      | Noticed Ijyb
  4940 | D:4      | Killed Ijyb
  5026 | D:4      | Found Sineobo's Mayhem Merchandise.
  5079 | D:4      | Found an ancient bone altar of Kikubaaqudgha.
  5376 | D:4      | Noticed Purgy
  5519 | D:4      | Killed Purgy
  5519 | D:4      | Reached skill level 7 in Conjurations
  5519 | D:4      | Your scales start taking on a fiery red colour.
  5519 | D:4      | Reached XP level 7. HP: 48/51 MP: 5/13
  5519 | D:4      | Gained mutation: Your flesh is heat resistant. (rF+) [Red
                  | Draconian growth]
  5669 | D:5      | Entered Level 5 of the Dungeon
  6185 | D:5      | Reached skill level 8 in Conjurations
  6476 | D:5      | Shot with an arrow by a centaur

Levels and vault maps discovered:
D:1:      arrival_aquarium_a, layout_basic, minmay_distorted
D:2:      layout_basic, first_ration, st_stairs_8, uniq_robin
D:3:      layout_rooms, chequers_serial_rivers_micro_c
D:4:      layout_rooms, kiku_gazebo_garden_becter, dancing_weapons_uskayaw,
          minmay_shop_mayhem, uniq_ijyb, uniq_purgy
D:5:      layout_cave_pools, minmay_checkerbox

Skill      XL: |  1  2  3  4  5  6  7 |
---------------+----------------------+-----
Conjurations   | 5 6 7 8 |  8.3
Dodging        | 2 |  2.2
Spellcasting   | 3 4 |  4.9
Fighting       | |  0.6
Polearms       | |  0.2
Stealth        | |  1.7

Action                   |  1- 3 |  4- 6 |  7- 9 || total
-------------------------+-------+-------+-------++-------
Melee: Unarmed           |     8 |       |       ||     8
       Club              |     8 |       |       ||     8
       Short sword       |     5 |    10 |       ||    15
       Spear             |       |     6 |       ||     6
       Whip              |       |     2 |       ||     2
 Cast: Magic Dart        |    82 |   141 |    52 ||   275
       Searing Ray       |       |     4 |     2 ||     6
 Abil: Breathe Fire      |       |       |     1 ||     1
  Use: Potion            |     1 |     2 |     1 ||     4
       Scroll            |       |     2 |     2 ||     4
 Stab: Fleeing           |       |     1 |       ||     1
  Eat: Chunk             |     4 |     5 |     3 ||    12
       Ration            |     1 |     1 |       ||     2
Armor: Skin              |    10 |    14 |     1 ||    25
Dodge: Dodged            |    32 |    26 |     5 ||    63

Table legend:
 A = Non-vault XP
 B = Vault XP
 C = Vault XP percentage of total XP
 D = Non-vault monster count
 E = Vault monster count
 F = Vault count percentage of total count
                 A         B        C        D         E       F
            +---------+---------+-------+---------+---------+-------
      Total |    1107 |     206 |  15.7 |      94 |      15 |  13.8
            +---------+---------+-------+---------+---------+-------
        D:1 |      46 |       2 |   4.2 |      25 |       1 |   3.8
        D:2 |      60 |      38 |  38.8 |      16 |      12 |  42.9
        D:3 |     175 |       0 |   0.0 |      26 |       0 |   0.0
        D:4 |     289 |     166 |  36.5 |      15 |       2 |  11.8
        D:5 |     537 |       0 |   0.0 |      12 |       0 |   0.0
            +---------+---------+-------+---------+---------+-------
